 Dungeon Crawl Stone Soup version 0.29.1-12-g30fa7ad0bf (webtiles) character file.

Game seed: 10621878073933790268

81 nachturnus the Slasher (level 4, -1/35 HPs)
             Began as a Human Monk on Jan 14, 2023.
             Succumbed to Crazy Yiuf's poison
             ... on level 2 of the Dungeon.
             The game lasted 00:05:02 (2462 turns).

nachturnus the Slasher (Human Monk)                 Turns: 2462, Time: 00:05:03

Health: -1/35      AC: 11    Str: 14    XL:     4   Next: 68%
Magic:  4/4        EV:  4    Int: 16    God:
Gold:   119        SH:  0    Dex: 15    Spells: 3/3 levels left

rFire   . . .      SeeInvis .   a - +0 falchion
rCold   . . .      Faith    .   (no shield)
rNeg    . . .      Spirit   .   e - +0 plate armour
rPois   .          Reflect  .   b - +0 helmet
rElec   .          Harm     .   (no cloak)
rCorr   .          Rampage  .   (no gloves)
Will    .....                   (no boots)
Stlth   ..........              (no amulet)
HPRegen 0.11/turn               h - +6 ring of intelligence
MPRegen 0.09/turn               (no ring)

@: lethally poisoned (-1 -> -18)
A: no striking features
a: no special abilities


You were on level 2 of the Dungeon.
You visited 1 branch of the dungeon, and saw 2 of its levels.

You collected 119 gold pieces.

Inventory:

Hand Weapons
 a - a +0 falchion (weapon)
Armour
 b - a +0 helmet (worn)
 e - a +0 plate armour (worn)
Jewellery
 h - a +6 ring of intelligence (left hand)
Wands
 i - a wand of polymorph (3)
Scrolls
 c - a scroll of torment {unknown}
 f - a scroll of teleportation {unknown}
 g - a scroll of magic mapping
Potions
 d - 2 potions of heal wounds {unknown}
 j - a potion of flight {unknown}
 k - a potion of haste


   Skills:
 - Level 3.0 Fighting
 - Level 5.0 Long Blades
 + Level 0.7 Armour
 - Level 3.0 Dodging
 - Level 2.0 Stealth


You had 3 spell levels left.
You didn't know any spells.
Your spell library contained the following spells:

 Spells                   Type           Power      Damage    Failure   Level
 Foxfire                  Conj/Fire      0%         2x1d4     100%        1
 Gell's Gravitas          Tloc           0%         N/A       100%        3
 Portal Projectile        Hex/Tloc       0%         N/A       100%        3
 Teleport Other           Tloc           0%         N/A       100%        3
 Tukima's Dance           Hex            0%         N/A       100%        3
 Blade Hands              Tmut           0%         N/A       100%        5
 Dispersal                Tloc           0%         N/A       100%        6


Dungeon Overview and Level Annotations

Branches:
Dungeon (2/15)

Altars:

Annotations:
D:2 Crazy Yiuf


Message History

No target in view!
No target in view!
No target in view!
No target in view!
There is an open door here.
You see here a bat corpse.
There is a stone staircase leading down here.
You see here a +0 ring mail.
You start waiting.
Crazy Yiuf screams, "Proton action spinner!"
Crazy Yiuf screams, "Goober Hive sing-song!"
Crazy Yiuf grits, "Blight!
Sif Muna return to song sow."
Crazy Yiuf says, "Fire!"
Crazy Yiuf grits, "Scoff!"
Crazy Yiuf sings, "Trees, trees, trees, circus!"
Crazy Yiuf says, "Whiteboard!
Two head mobile."
Crazy Yiuf says, "Whippet light verde!"
Crazy Yiuf whimpers, "Dawk return to song snail!"
Done waiting.
Unknown command.
You open the door. You hit Crazy Yiuf. You punch Crazy Yiuf.
Crazy Yiuf is moderately wounded.
Crazy Yiuf yells, "Buddy forty-two pizzabubble!"
Crazy Yiuf hits you with a +3 quarterstaff of chaos.
You hit Crazy Yiuf.
Crazy Yiuf is heavily wounded.
Crazy Yiuf hits you with a +3 quarterstaff of chaos!
You hit Crazy Yiuf but do no damage.
Crazy Yiuf is heavily wounded.
Crazy Yiuf hits you with a +3 quarterstaff of chaos!
Crazy Yiuf burns you.
You hit Crazy Yiuf but do no damage.
Crazy Yiuf is heavily wounded.
Crazy Yiuf hits you with a +3 quarterstaff of chaos!
* * * LOW HITPOINT WARNING * * *
You are lethally poisoned!
You closely miss Crazy Yiuf.
Crazy Yiuf is heavily wounded.
You die...

####♣♣ ###
##....♣♣ ♣♣#..)#
#......♣♣♣♣@g...#
#####
#.......♣..♣#...#
#....
#.#....♣.♣♣♣ ###
#.... #..##♣♣♣♣♣
#.... ##.# ####
#.... #.## ###
#..###.... #..#
#.# ##..##....
##.# ######.#
##.##.... #.####
#......# #..#....


You could see Crazy Yiuf.

Vanquished Creatures
  Robin (D:2)
  An adder (D:2)
  An ufetubus (D:2)
  A worm (D:2)
  2 dart slugs (D:1)
  8 bats
  2 endoplasms
  A giant cockroach (D:2)
  5 hobgoblins (D:2)
  5 quokkas
  4 ball pythons
  3 frilled lizards (D:1)
  6 goblins (D:2)
  5 kobolds (D:1)
  4 rats
49 creatures vanquished.

Vanquished Creatures (others)
  A plant (D:2)
1 creature vanquished.

Grand Total: 50 creatures vanquished

Notes
Turn   | Place    | Note
-------+----------+-------------------------------------------
     0 | D:1      | nachturnus the Human Monk began the quest for the Orb.
     0 | D:1      | Reached XP level 1. HP: 18/18 MP: 1/1
   348 | D:1      | Reached XP level 2. HP: 22/24 MP: 2/2
   737 | D:1      | Reached skill level 4 in Long Blades
   737 | D:1      | Reached XP level 3. HP: 29/29 MP: 3/3
  1069 | D:2      | Noticed Robin
  1076 | D:2      | Killed Robin
  1358 | D:2      | Reached XP level 4. HP: 30/35 MP: 4/4
  1544 | D:2      | Found a faded altar of an unknown god.
  1555 | D:2      | Got Plato's Dissertation on Incandescence
  1821 | D:2      | Reached skill level 5 in Long Blades
  1883 | D:2      | Found a runed translucent door.
  1884 | D:2      | Noticed Crazy Yiuf
  2462 | D:2      | Succumbed to Crazy Yiuf's poison

Illustrated notes

Levels and vault maps discovered:
D:1:      dpeg_arrival_simpleton_a, layout_loops_cross, serial_bayou_pond_e
D:2:      layout_rooms, shapermc_ecumenical_altar_rom_forum,
          kennysheep_generic_room_11, uniq_robin, uniq_crazy_yiuf_cottage

Skill      XL: |  1  2  3  4 |
---------------+-------------+-----
Long Blades    | 4 5 |  5.0
Fighting       | |  3.0
Armour         | |  0.7
Dodging        | |  3.0
Stealth        | |  2.0

Action                   |  1- 3 |  4- 6 || total
-------------------------+-------+-------++-------
Melee: Falchion          |   109 |    60 ||   169
       Unarmed           |       |     7 ||     7
       Punch             |       |     1 ||     1
  Use: Scroll            |     3 |       ||     3
       Potion            |     1 |       ||     1
 Stab: Sleeping          |     1 |       ||     1
Armor: Plate armour      |   120 |    76 ||   196
       Skin              |       |     4 ||     4
Dodge: Dodged            |    18 |    21 ||    39
